 Dungeon Crawl Stone Soup version 0.19-a0-1251-gd6e46da (webtiles) character file.

25 PurpleRed the Conjurer (level 2, -1/22 HPs)
             Began as a Deep Elf Conjurer on Aug 27, 2016.
             Slain by a gnoll
             ... wielding a +0 halberd
              (3 damage)
             ... on level 3 of the Dungeon.
             The game lasted 00:02:27 (252 turns).

PurpleRed the Conjurer (Deep Elf Conjurer)           Turns: 252, Time: 00:02:28

Health: -1/22      AC: 21    Str:  5    XL:     2   Next: 86%
Magic:  1/8        EV:  2    Int: 19    God:
Gold:   48         SH:  0    Dex: 15    Spells: 2 memorised, 5 levels left

rFire  . . .     SeeInvis .     f - +0 whip
rCold  . . .     Gourm    .     (armour currently unavailable)
rNeg   + + +     Faith    .     (no shield)
rPois  +         Spirit   .     (helmet currently unavailable)
rElec  .         Dismiss  .     (cloak currently unavailable)
rCorr  .         Reflect  .     (gloves currently unavailable)
MR     .....     Harm     .     (boots currently unavailable)
Stlth  +++....... NoTele   +    (no amulet)
                                (no ring)
                                (no ring)

@: tree-form
A: no striking features
a: no special abilities


You were on level 3 of the Dungeon.
You were not hungry.
You were a tree.
You visited 1 branch of the dungeon, and saw 3 of its levels.

You collected 48 gold pieces.

Inventory:

Hand Weapons
 f - a +0 whip (weapon)
Armour
 a - a +0 robe (melded)
Scrolls
 e - a scroll of noise
Books
 b - a book of Conjurations

   Spells                             Type                      Level
   a - Magic Dart                     Conjuration                  1
   b - Searing Ray                    Conjuration                  2
   c - Dazzling Spray                 Conjuration/Hexes            3
   d - Fulminant Prism                Conjuration/Hexes            4
   e - Iskenderun's Mystic Blast      Conjuration                  4
   f - Iskenderun's Battlesphere      Conjuration/Charms           5
Comestibles
 c - a bread ration
 d - a meat ration


   Skills:
 - Level 2.4 Dodging
 - Level 2.4 Stealth
 + Level 3.9 Spellcasting
 * Level 5.0 Conjurations


You had 5 spell levels left.
You knew the following spells:

 Your Spells              Type           Power        Failure   Level  Hunger
a - Magic Dart            Conj           ###.         1%          1    None
b - Searing Ray           Conj           ###...       3%          2    ##.....


Dungeon Overview and Level Annotations

Branches:
Dungeon (3/15)

Altars:
Ashenzari
Qazlal
Zin

Annotations:
D:2 Robin


Message History

* * * LOW HITPOINT WARNING * * *
The searing ray hits the gnoll.
The gnoll is almost dead.
The gnoll hits you with a whip.
* * * LOW HITPOINT WARNING * * *
The giant newt bites you but does no damage.
The searing ray hits the gnoll.
You kill the gnoll!
Your Conjurations skill increases to level 5!
The searing ray hits the gnoll.
The gnoll is severely wounded.
You finish channeling your searing ray.
The gnoll barely misses you.
The giant newt bites you but does no damage.
The gnoll hits you but does no damage.
The giant newt bites you but does no damage. x2
A giant gecko comes into view.
You closely miss the giant newt.
The giant gecko hisses angrily.
The gnoll hits you from afar with a halberd.
You die...

## ... ..#
###### ...# #
#....###.### .
#....#§...§#.#
#...♣#.....#.#
#...lll._....#
######g....#.#
#§...§#.#
###.###.####
#....g...##
#.........##
##.........#
.............###


You could see a gnoll, a giant gecko and 2 giant newts.

Vanquished Creatures
  A gnoll (D:3)
  An adder (D:3)
  An orc (D:3)
  3 bats
  2 kobolds
8 creatures vanquished.

Notes
Turn   | Place    | Note
-------+----------+-------------------------------------------
     0 | D:1      | PurpleRed the Deep Elf Conjurer began the quest for the Orb.
     0 | D:1      | Reached XP level 1. HP: 10/10 MP: 6/6
   102 | D:2      | Found a glowing silver altar of Zin.
   113 | D:2      | Found a shattered altar of Ashenzari.
   116 | D:2      | Noticed Robin
   170 | D:3      | Reached XP level 2. HP: 15/15 MP: 2/8
   174 | D:3      | Learned a level 2 spell: Searing Ray
   238 | D:3      | Found a stormy altar of Qazlal.
   250 | D:3      | Reached skill level 5 in Conjurations
   252 | D:3      | Slain by a gnoll

Vault maps used:
D:1:      dpeg_arrival_boxorama, minmay_pentomino_r2
D:2:      nicolae_overflow_quartered_altars, first_bread, uniq_robin
D:3:      kennysheep_nub, amethyst_killhole, grunt_qazlal_clouds

Skill      XL: |  1  2 |
---------------+-------+-----
Conjurations   | 5 |  5.0
Dodging        | |  2.4
Stealth        | |  2.4
Spellcasting   | |  3.9

Action                   || total
-------------------------++-------
Melee: Whip              ||     4
 Cast: Magic Dart        ||    14
       Searing Ray       ||     2
  Use: Scroll            ||     1
       Potion            ||     1
Armor: Robe              ||     2
       Skin              ||    10
Dodge: Dodged            ||     9
